Map: Ultralove

Players

HeroMarine

  • Race: Terran Terran
  • Spawn Location: 1:00

gumiho - Winner!

  • Race: Terran Terran
  • Spawn Location: 7:00

Event: HomeStory Cup XXVI

VOD

Have the link to the VOD?

Description

Time

  • Played on: Dec. 1, 2024, 7:52 a.m.
  • Length: 13:57

All games in this series

Show
View Real Time Build Order
Export as new Build Order

HeroMarine Terran 

Build Orders:  

Get SALT Encoding   

  12  0:00  SCV  
  13  0:12  SCV  
  14  0:17  Supply Depot  
  14  0:24  SCV  
  15  0:38  SCV  
  15  0:40  Barracks  
  16  0:43  Refinery  
  16  0:50  SCV  
  16  0:52  Refinery  
  17  1:02  SCV  
  18  1:14  SCV  
  19  1:27  Orbital Command, Reaper  
  20  1:33  Supply Depot  
  20  1:40  Factory  
  20  1:52  SCV  
  21  1:59  Reaper  
  22  2:04  SCV  
  23  2:16  SCV  
  24  2:25  Hellion  
  24  2:28  SCV  
  26  2:31  Reaper  
  26  2:40  SCV  
  26  2:43  Command Center  
  26  2:46  Hellion  
  28  2:53  Supply Depot, SCV  
  29  3:03  Marine  
  29  3:05  SCV  
  31  3:06  Starport  
  31  3:09  Factory Tech Lab  
  30  3:17  SCV  
  31  3:21  Marine  
  31  3:32  SCV, Cyclone  
  32  3:39  Starport  
  32  3:40  Barracks Reactor  
  32  3:44  SCV  
  33  3:56  SCV  
  33  3:58  Orbital Command  
  32  4:04  Cyclone  
  32  4:08  SCV  
  36  4:15  Medivac  
  38  4:17  Marine x2  
  38  4:19  Orbital Command  
  38  4:20  SCV, Refinery  
  41  4:32  SCV  
  41  4:34  Supply Depot  
  41  4:35  Marine x2  
  41  4:38  Siege Tank  
  47  4:44  SCV  
  47  4:45  SCV  
  49  4:56  SCV  
  49  4:57  SCV  
  51  5:08  SCV, Viking x2  
  51  5:09  SCV  
  51  5:13  Supply Depot  
  57  5:14  Siege Tank  
  57  5:17  Marine  
  62  5:22  SCV  
  62  5:32  SCV  
  62  5:34  SCV  
  55  5:37  Marine  
  55  5:38  Viking x2  
  55  5:39  Supply Depot  
  60  5:44  SCV  
  60  5:46  SCV  
  60  5:49  Siege Tank  
  65  5:50  Refinery  
  65  5:56  SCV  
  63  5:58  SCV  
  64  6:08  SCV, Viking x2  
  64  6:10  SCV  
  70  6:14  Marine  
  68  6:20  SCV  
  68  6:22  SCV, Siege Tank  
  73  6:28  Command Center  
  73  6:32  SCV  
  73  6:34  SCV  
  73  6:36  Supply Depot  
  74  6:44  SCV  
  74  6:46  SCV  
  75  6:47  Marine  
  76  6:57  SCV, Siege Tank, Viking x2  
  76  6:59  SCV  
  85  7:05  Marine  
  86  7:09  SCV  
  86  7:11  SCV  
  85  7:17  Starport  
  85  7:18  Starport  
  85  7:21  SCV  
  86  7:23  SCV  
  86  7:26  Supply Depot  
  86  7:29  Siege Tank  
  90  7:33  SCV, Viking  
  90  7:35  SCV  
  81  7:45  SCV  
  81  7:47  SCV  
  81  7:50  Viking  
  76  7:56  Viking  
  76  7:57  SCV  
  76  7:59  SCV  
  76  8:00  Viking  
  76  8:03  Viking  
  81  8:09  SCV  
  81  8:11  SCV, Siege Tank  
  86  8:12  Refinery  
  86  8:14  Refinery  
  86  8:19  Orbital Command  
  86  8:21  SCV  
  86  8:23  SCV  
  91  8:28  Starport Tech Lab  
  91  8:30  Starport Tech Lab  
  91  8:31  Viking  
  91  8:33  SCV, Viking  
  93  8:35  SCV  
  93  8:36  Viking  
  93  8:40  Viking  
  94  8:45  SCV  
  94  8:46  SCV  
  94  8:47  SCV  
  94  8:48  Siege Tank  
  100  8:49  Supply Depot  
  100  9:03  Engineering Bay  
  100  9:05  SCV x3, Command Center  
  103  9:12  Starport Tech Lab x2, Factory, Viking  
  103  9:15  Viking  
  107  9:17  SCV x2  
  107  9:20  Supply Depot  
  107  9:22  Siege Tank  
  112  9:30  SCV x2, Factory  
  114  9:32  SCV  
  108  9:42  SCV  
  108  9:43  SCV  
  109  9:47  Viking  
  109  9:49  Sensor Tower  
  109  9:52  Command Center  
  110  9:55  Factory Tech Lab  
  110  9:56  Mag-Field Accelerator  
  110  9:57  Cyclone  
  110  9:58  SCV x2  
  115  10:00  Viking  
  115  10:02  Raven, Interference Matrix  
  115  10:06  Supply Depot x2  
  119  10:09  Missile Turret  
  119  10:13  Raven, Missile Turret  
  121  10:17  Missile Turret  
  121  10:18  Missile Turret  
  121  10:20  Factory Tech Lab  
  121  10:21  Cyclone  
  121  10:22  Viking  
  121  10:25  SCV  
  121  10:26  SCV x2  
  129  10:29  Cyclone  
  129  10:32  Armory  
  132  10:38  SCV  
  132  10:41  SCV x2  
  135  10:43  Cyclone  
  138  10:50  SCV, Refinery  
  138  10:52  Refinery  
  138  10:53  SCV, Cyclone  
  138  10:55  Viking x3  
  149  11:00  Viking  
  151  11:07  Command Center  
  151  11:08  Cyclone  
  154  11:12  Orbital Command  
  154  11:17  Command Center  
  152  11:25  Terran Vehicle And Ship Armor Level 1  
  152  11:27  Cyclone  
  152  11:28  Cyclone  
  152  11:31  Raven  
  160  11:42  Supply Depot, Cyclone  
  163  11:47  Refinery x2  
  163  11:48  Planetary Fortress  
  163  11:54  Missile Turret  
  163  11:55  Missile Turret x2  
  163  11:59  Cyclone  
  163  12:00  Cyclone  
  156  12:14  Cyclone  
  156  12:15  Viking x2  
  136  12:29  Raven  
  136  12:30  SCV  
  136  12:31  SCV x3  
  136  12:32  Cyclone x2  
  146  12:41  Raven  
  146  12:42  SCV, Command Center  
  146  12:43  SCV x3  
  147  12:46  Cyclone  
  130  12:54  SCV  
  130  12:55  SCV x2  
  117  13:00  SCV  
  114  13:06  SCV  
  114  13:07  SCV  
  114  13:08  Raven  
  114  13:12  Siege Tank x2  
  116  13:16  Raven, SCV  
  116  13:17  SCV, Refinery  
  116  13:18  SCV  
  116  13:19  SCV  
  118  13:22  Cyclone  
  113  13:29  SCV x2  
  113  13:30  SCV  
  113  13:31  SCV  
  113  13:32  Missile Turret  
  117  13:41  SCV  
Show
View Real Time Build Order
Export as new Build Order

gumiho Terran - Winner!

Build Orders:  

Get SALT Encoding   

  12  0:00  SCV  
  13  0:12  SCV  
  14  0:17  Supply Depot  
  14  0:24  SCV  
  15  0:39  Barracks  
  15  0:42  Refinery  
  15  0:55  Barracks  
  15  0:58  SCV  
  16  1:10  SCV  
  17  1:11  Refinery  
  17  1:22  SCV  
  18  1:26  Reaper  
  19  1:34  Orbital Command  
  19  1:41  Reaper  
  20  1:50  Supply Depot  
  20  1:58  Reaper  
  20  2:01  SCV  
  22  2:13  SCV, Reaper  
  24  2:22  Factory  
  24  2:30  SCV, Reaper  
  26  2:43  SCV  
  27  2:55  Command Center  
  27  2:57  SCV  
  28  3:02  Reaper  
  29  3:05  Factory Tech Lab  
  29  3:10  SCV  
  30  3:15  Supply Depot  
  30  3:23  SCV  
  28  3:34  Reaper  
  28  3:35  Cyclone  
  28  3:37  SCV, Mag-Field Accelerator  
  32  3:45  Starport  
  32  3:49  SCV  
  33  4:01  SCV  
  32  4:07  Cyclone  
  32  4:09  Orbital Command  
  35  4:15  SCV, Refinery  
  36  4:21  Medivac  
  38  4:26  Supply Depot  
  38  4:27  SCV  
  39  4:35  SCV  
  40  4:39  SCV  
  40  4:42  Siege Tank  
  44  4:47  SCV  
  44  4:51  SCV  
  46  4:53  Viking  
  48  5:03  Command Center  
  48  5:04  SCV x2  
  50  5:14  Siege Tank  
  50  5:16  SCV x2  
  50  5:19  Supply Depot  
  55  5:24  Starport Reactor, Refinery  
  56  5:28  SCV x2  
  57  5:39  Barracks Tech Lab  
  57  5:40  SCV x2  
  59  5:43  Factory  
  59  5:44  Supply Depot  
  59  5:47  Siege Tank  
  62  5:52  SCV x2  
  62  5:55  Engineering Bay  
  62  6:01  Viking x2  
  63  6:04  SCV  
  63  6:05  SCV  
  65  6:16  Orbital Command, SCV  
  65  6:17  SCV  
  64  6:20  Siege Tank  
  67  6:27  Missile Turret  
  67  6:29  SCV x2  
  68  6:34  Viking x2  
  72  6:41  SCV x2  
  72  6:43  Missile Turret  
  74  6:47  Siege Tank  
  74  6:49  SCV  
  74  6:52  Siege Tank  
  74  6:53  SCV x2  
  83  6:54  Supply Depot  
  82  7:01  SCV  
  82  7:04  Viking x2  
  82  7:06  SCV  
  82  7:07  SCV  
  89  7:13  SCV  
  90  7:18  Orbital Command  
  90  7:20  Cyclone  
  93  7:23  SCV x2  
  95  7:31  Cyclone  
  95  7:35  SCV x2  
  76  7:46  Viking x2  
  76  7:48  SCV x3  
  76  7:52  Siege Tank  
  79  8:00  SCV x3  
  79  8:03  Cyclone  
  85  8:09  Armory  
  85  8:11  Refinery  
  85  8:12  SCV x3  
  88  8:14  Refinery  
  88  8:16  Missile Turret  
  88  8:24  SCV x3  
  88  8:26  Factory  
  91  8:27  Factory  
  91  8:31  Starport Reactor  
  91  8:36  SCV x2  
  91  8:37  SCV  
  94  8:48  SCV  
  94  8:49  SCV x2  
  94  8:53  Supply Depot  
  94  8:54  Supply Depot, Command Center  
  97  9:01  SCV x2, Terran Vehicle Weapons Level 1  
  99  9:03  Supply Depot  
  99  9:04  Thor  
  99  9:08  SCV  
  106  9:13  SCV  
  106  9:14  Thor, Factory Tech Lab  
  113  9:17  Supply Depot  
  113  9:18  Supply Depot, SCV  
  113  9:20  SCV  
  115  9:25  SCV  
  115  9:30  Missile Turret  
  116  9:31  Sensor Tower  
  113  9:40  Siege Tank  
  113  9:42  Hellion x2  
  113  9:44  SCV x3  
  113  9:45  Infernal Pre-Igniter  
  120  9:46  Smart Servos  
  120  9:47  Cyclone  
  120  9:52  Factory  
  123  9:54  Missile Turret  
  123  9:56  SCV x3  
  123  9:57  Armory, Medivac  
  128  10:00  Medivac  
  128  10:02  Hellion  
  128  10:03  Hellion  
  128  10:06  Orbital Command  
  134  10:08  SCV x3  
  134  10:13  Refinery, Missile Turret  
  137  10:16  Refinery  
  134  10:24  Command Center  
  134  10:25  Hellion  
  134  10:26  Cyclone x2  
  134  10:27  Cyclone, Hellion  
  147  10:29  SCV x3  
  150  10:36  Factory Tech Lab  
  150  10:41  Factory  
  150  10:45  Factory  
  150  10:54  Missile Turret  
  150  10:55  Hellion x2  
  150  10:57  Terran Vehicle Weapons Level 2  
  154  10:58  Siege Tank x2  
  154  11:02  Terran Vehicle And Ship Armor Level 1  
  154  11:04  Hellion x2  
  164  11:14  Missile Turret  
  162  11:23  Hellion  
  162  11:24  Hellion  
  162  11:27  Cyclone  
  162  11:29  Supply Depot  
  162  11:31  Supply Depot, Command Center  
  162  11:32  Cyclone x2, Factory Reactor, Factory Tech Lab  
  169  11:38  Orbital Command, Command Center  
  169  11:43  Sensor Tower  
  169  11:54  Refinery  
  169  11:55  Cyclone x2  
  169  11:56  Refinery  
  175  12:05  Cyclone x3  
  178  12:08  Hellion x2  
  169  12:25  Hellion  
  169  12:26  Hellion  
  169  12:27  Cyclone x2  
  168  12:30  Hellion x2  
  168  12:35  Factory  
  168  12:36  Factory, Viking x2  
  172  12:37  Cyclone x3, Factory  
  177  12:47  Hellion  
  166  12:55  Hellion x2  
  166  12:56  Hellion  
  161  12:59  Cyclone x2  
  161  13:00  Orbital Command  
  160  13:08  Hellion  
  160  13:09  Cyclone x3  
  167  13:17  Hellion x3  
  166  13:30  Hellion  
  174  13:38  Sensor Tower  
Tags
 
Add a new tag
Caveats
  • Supply blocks, unpowered buildings, or Contaminate may cause inaccurate times.
  • Supply counts are checked every 10 seconds.